General information
- name: BNet
- type: Ladder team game (AT/RT)
- host: Battle.net
- saver: JustDance
map: GolemsInTheMist
- players: 8
- length: 33:43
- speed: Fast
- version: 1.26 W3XP
- replay type: Public
» download(199 KB)
Players
team 1 (winner)
Yag(0) (
blue | 94 APM | 3144 actions | 33:18)
5 Archmage
2 Summon Water Elemental
2 Blizzard
1 Brilliance Aura
» actions
| Assign group hotkey | 40 | |
| Basic commands | 94 | |
| Build / train | 63 | |
| ESC pressed | 1 | |
| Enter build submenu | 15 | |
| Enter hero's abilities submenu | 5 | |
| Remove unit from queue | 2 | |
| Right click | 1303 | |
| Select / deselect | 413 | |
| Select group hotkey | 1156 | |
| Use ability | 52 | |
3144 total
» units
| Peasant | 9 | |
| Rifleman | 6 | |
| Sorceress | 11 | |
| Knight | 6 | |
| Priest | 5 | |
37 total
» upgrades
| Masonry | 2 | |
| Long Rifles | 1 | |
| Lumber Harvesting | 2 | |
| Sorceress Training | 2 | |
| Gunpowder | 1 | |
| Priest Training | 0 | |
8 total
» buildings
| Lumber Mill | 1 | |
| Keep | 1 | |
| Altar of Kings | 2 | |
| Farm | 7 | |
| Barracks | 1 | |
| Blacksmith | 1 | |
| Arcane Sanctum | 1 | |
| Castle | 1 | |
| Town Hall | 1 | |
16 total
» build order
01:41 Lumber Mill
02:03 Keep
02:42 Altar of Kings
02:48 Farm
03:28 Barracks
03:51 Altar of Kings
03:59 Blacksmith
04:34 Farm
04:46 Arcane Sanctum
05:16 Farm
06:09 Castle
06:14 Farm
06:54 Farm
08:02 Farm
09:23 Farm
12:29 Town Hall
» items
| Orb of Corruption | 2 | |
| Scroll of Healing | 1 | |
| Scroll of Town Portal | 1 | |
| Potion of Healing | 3 | |
| Potion of Mana | 1 | |
8 total
FrankHorrigan (
orange | 92 APM | 3117 actions | 33:43)
5 Crypt Lord
3 Carrion Beetles
2 Spiked Carapace
3 Death Knight
2 Death Coil
1 Unholy Aura
» actions
| Assign group hotkey | 63 | |
| Basic commands | 64 | |
| Build / train | 152 | |
| ESC pressed | 21 | |
| Enter build submenu | 44 | |
| Enter hero's abilities submenu | 8 | |
| Give item / drop item | 1 | |
| Right click | 1278 | |
| Select / deselect | 657 | |
| Select group hotkey | 422 | |
| Use ability | 407 | |
3117 total
» units
| Acolyte | 23 | |
| Ghoul | 3 | |
| Crypt Fiend | 12 | |
| Goblin Shredder | 5 | |
| Goblin Zeppelin | 16 | |
| Abomination | 11 | |
| Obsidian Statue | 1 | |
71 total
» upgrades
| Creature Attack | 3 | |
| Creature Carapace | 3 | |
| Burrow | 1 | |
| Web | 1 | |
| Disease Cloud | 1 | |
9 total
» buildings
| Graveyard | 1 | |
| Crypt | 1 | |
| Altar of Darkness | 1 | |
| Ziggurat | 21 | |
| Tomb of Relics | 1 | |
| Nerubian Tower | 2 | |
| Spirit Tower | 27 | |
| Halls of the Dead | 3 | |
| Necropolis | 5 | |
| Black Citadel | 3 | |
| Sacrificial Pit | 1 | |
| Slaughterhouse | 1 | |
67 total
» build order
00:08 Graveyard
00:10 Crypt
00:41 Altar of Darkness
00:58 Ziggurat
01:26 Tomb of Relics
02:09 Ziggurat
02:13 Nerubian Tower
02:13 Nerubian Tower
03:37 Ziggurat
05:12 Spirit Tower
06:10 Halls of the Dead
06:11 Halls of the Dead
07:34 Ziggurat
07:36 Ziggurat
08:11 Necropolis
09:23 Spirit Tower
10:04 Ziggurat
10:06 Ziggurat
11:04 Black Citadel
11:05 Black Citadel
11:08 Spirit Tower
11:08 Spirit Tower
12:12 Ziggurat
12:14 Ziggurat
12:35 Ziggurat
12:38 Ziggurat
12:41 Necropolis
13:46 Spirit Tower
15:15 Spirit Tower
16:01 Spirit Tower
16:02 Spirit Tower
16:05 Sacrificial Pit
16:10 Slaughterhouse
16:28 Necropolis
16:30 Ziggurat
16:32 Ziggurat
16:45 Ziggurat
17:01 Spirit Tower
17:01 Spirit Tower
17:28 Spirit Tower
17:28 Spirit Tower
17:28 Spirit Tower
17:29 Spirit Tower
17:29 Spirit Tower
17:41 Ziggurat
17:47 Spirit Tower
18:14 Ziggurat
18:17 Ziggurat
18:58 Spirit Tower
18:58 Spirit Tower
20:29 Spirit Tower
20:29 Spirit Tower
21:06 Necropolis
27:00 Ziggurat
27:03 Ziggurat
29:24 Ziggurat
29:28 Ziggurat
30:27 Necropolis
» items
| Rod of Necromancy | 5 | |
| Scroll of Town Portal | 1 | |
6 total

»
spassattack3 (
yellow | 28 APM | 419 actions | 14:59)
3 Death Knight
2 Unholy Aura
1 Death Coil
» actions
| Assign group hotkey | 6 | |
| Build / train | 40 | |
| Enter build submenu | 13 | |
| Enter hero's abilities submenu | 3 | |
| Remove unit from queue | 1 | |
| Right click | 150 | |
| Select / deselect | 111 | |
| Select group hotkey | 72 | |
| Use ability | 23 | |
419 total
» units
» upgrades
| Cannibalize | 1 | |
| Unholy Strength | 2 | |
| Unholy Armor | 2 | |
| Backpack | 1 | |
| Ghoul Frenzy | 1 | |
7 total
» buildings
| Crypt | 2 | |
| Ziggurat | 4 | |
| Altar of Darkness | 1 | |
| Graveyard | 1 | |
| Halls of the Dead | 1 | |
| Black Citadel | 1 | |
| Temple of the Damned | 1 | |
| Slaughterhouse | 2 | |
| Tomb of Relics | 1 | |
14 total
» build order
00:17 Crypt
00:32 Crypt
00:55 Ziggurat
01:10 Ziggurat
01:50 Ziggurat
02:27 Altar of Darkness
02:49 Graveyard
03:17 Halls of the Dead
04:56 Ziggurat
05:50 Black Citadel
06:10 Temple of the Damned
06:24 Slaughterhouse
06:32 Tomb of Relics
08:22 Slaughterhouse
» items
| Potion of Healing | 7 | |
| Orb of Corruption | 1 | |
8 total

»
flinger_o_poopy (
pink | 36 APM | 377 actions | 10:30)
2 Demon Hunter
1 Immolation
1 Evasion
» actions
| Assign group hotkey | 6 | |
| Basic commands | 1 | |
| Build / train | 36 | |
| Enter build submenu | 14 | |
| Enter hero's abilities submenu | 2 | |
| Remove unit from queue | 5 | |
| Right click | 78 | |
| Select / deselect | 121 | |
| Select group hotkey | 79 | |
| Use ability | 35 | |
377 total
» units
» upgrades
| Ultravision | 1 | |
| Strength of the Wild | 1 | |
| Reinforced Hides | 1 | |
| Druid of the Talon Training | 1 | |
4 total
» buildings
| Altar of Elders | 1 | |
| Moon Well | 6 | |
| Ancient of War | 1 | |
| Ancient of Wonders | 1 | |
| Tree of Ages | 1 | |
| Hunter's Hall | 1 | |
| Tree of Eternity | 1 | |
| Tree of Life | 1 | |
| Ancient of Wind | 1 | |
| Chimaera Roost | 2 | |
16 total
» build order
00:37 Altar of Elders
00:45 Moon Well
01:13 Ancient of War
01:38 Moon Well
02:17 Ancient of Wonders
03:10 Tree of Ages
03:15 Moon Well
04:01 Hunter's Hall
05:38 Tree of Eternity
05:50 Tree of Life
06:29 Ancient of Wind
06:52 Moon Well
07:02 Moon Well
08:26 Chimaera Roost
08:36 Chimaera Roost
08:48 Moon Well
team 2 (loser)
JustDance (
red | 57 APM | 1927 actions | 33:43)
8 Blood Mage
3 Flame Strike
2 Siphon Mana
1 Summon Phoenix
2 Banish
» actions
| Assign group hotkey | 65 | |
| Basic commands | 182 | |
| Build / train | 83 | |
| Enter build submenu | 47 | |
| Enter hero's abilities submenu | 8 | |
| Give item / drop item | 1 | |
| Right click | 626 | |
| Select / deselect | 281 | |
| Select group hotkey | 513 | |
| Use ability | 121 | |
1927 total
» units
| Peasant | 12 | |
| Footman | 6 | |
| Goblin Shredder | 5 | |
| Sorceress | 2 | |
| Gryphon Rider | 2 | |
27 total
» upgrades
| Masonry | 3 | |
| Sorceress Training | 1 | |
| Magic Sentry | 1 | |
| Lumber Harvesting | 2 | |
| Swords | 3 | |
| Armor | 3 | |
| Animal War Training | 1 | |
| Storm Hammers | 1 | |
| Cloud | 1 | |
16 total
» buildings
| Altar of Kings | 1 | |
| Barracks | 1 | |
| Farm | 12 | |
| Keep | 1 | |
| Arcane Vault | 1 | |
| Town Hall | 2 | |
| Scout Tower | 24 | |
| Lumber Mill | 2 | |
| Arcane Tower | 1 | |
| Arcane Sanctum | 1 | |
| Guard Tower | 10 | |
| Castle | 1 | |
| Blacksmith | 2 | |
| Gryphon Aviary | 6 | |
65 total
» build order
00:40 Altar of Kings
00:41 Barracks
00:55 Farm
01:06 Farm
01:09 Farm
01:47 Farm
03:23 Keep
03:31 Arcane Vault
04:42 Town Hall
04:44 Scout Tower
04:45 Scout Tower
04:51 Lumber Mill
05:25 Arcane Tower
05:46 Scout Tower
05:48 Scout Tower
05:50 Scout Tower
05:59 Arcane Sanctum
06:44 Guard Tower
06:46 Guard Tower
06:48 Guard Tower
07:07 Scout Tower
07:08 Scout Tower
07:29 Castle
07:41 Blacksmith
07:45 Blacksmith
07:47 Scout Tower
07:49 Scout Tower
07:49 Scout Tower
07:59 Guard Tower
08:02 Scout Tower
08:03 Scout Tower
08:04 Scout Tower
08:04 Scout Tower
08:04 Scout Tower
08:05 Scout Tower
09:05 Guard Tower
09:07 Farm
09:11 Guard Tower
11:58 Town Hall
12:02 Scout Tower
12:02 Scout Tower
12:03 Scout Tower
12:03 Scout Tower
12:07 Scout Tower
12:10 Scout Tower
12:10 Scout Tower
12:11 Scout Tower
12:18 Guard Tower
12:19 Guard Tower
12:32 Gryphon Aviary
12:32 Gryphon Aviary
12:33 Gryphon Aviary
12:33 Gryphon Aviary
12:36 Gryphon Aviary
12:36 Gryphon Aviary
12:41 Guard Tower
13:13 Lumber Mill
13:42 Guard Tower
17:23 Farm
17:23 Farm
17:23 Farm
17:25 Farm
17:26 Farm
17:27 Farm
17:27 Farm
» items
| Scroll of Regeneration | 5 | |
| Scroll of Town Portal | 4 | |
| Potion of Healing | 5 | |
| Lesser Clarity Potion | 2 | |
| Potion of Mana | 2 | |
18 total

»
theduke (
purple | 34 APM | 848 actions | 25:05)
5 Far Seer
3 Chain Lighting
1 Far Sight
1 Feral Spirit
» actions
| Assign group hotkey | 7 | |
| Basic commands | 2 | |
| Build / train | 52 | |
| Enter build submenu | 28 | |
| Enter hero's abilities submenu | 5 | |
| Remove unit from queue | 4 | |
| Right click | 289 | |
| Select / deselect | 414 | |
| Select group hotkey | 4 | |
| Use ability | 43 | |
848 total
» units
| Peon | 7 | |
| Grunt | 4 | |
| Troll Headhunter/Berserker | 4 | |
| Demolisher | 2 | |
| Shaman | 8 | |
| Tauren | 3 | |
| Troll Witch Doctor | 4 | |
32 total
» upgrades
| Armor | 1 | |
| Troll Regeneration | 1 | |
| Ranged Weapons | 1 | |
| Shaman Training | 2 | |
| Witch Doctor Training | 2 | |
7 total
» buildings
| Orc Burrow | 8 | |
| Altar of Storms | 1 | |
| War Mill | 2 | |
| Barracks | 2 | |
| Watch Tower | 5 | |
| Voodoo Lounge | 1 | |
| Stronghold | 1 | |
| Spirit Lodge | 2 | |
| Fortress | 1 | |
| Tauren Totem | 1 | |
24 total
» build order
00:10 Orc Burrow
00:45 Altar of Storms
01:06 War Mill
01:21 Barracks
02:02 Orc Burrow
02:42 Watch Tower
03:45 Orc Burrow
04:25 Voodoo Lounge
04:52 Watch Tower
05:25 Stronghold
05:42 Orc Burrow
06:24 Watch Tower
07:01 Orc Burrow
07:31 Watch Tower
08:36 Spirit Lodge
10:41 Spirit Lodge
10:45 Watch Tower
12:22 Orc Burrow
12:25 Fortress
15:51 Orc Burrow
15:56 Tauren Totem
19:29 Orc Burrow
22:52 Barracks
23:10 War Mill
» items

»
aloeri (
green | 30 APM | 910 actions | 30:26)
6 Priestess of the Moon
3 Trueshot Aura
2 Searing Arrows
1 Starfall
» actions
| Assign group hotkey | 1 | |
| Basic commands | 5 | |
| Build / train | 62 | |
| Enter build submenu | 14 | |
| Enter hero's abilities submenu | 6 | |
| Remove unit from queue | 2 | |
| Right click | 531 | |
| Select / deselect | 251 | |
| Select group hotkey | 6 | |
| Use ability | 32 | |
910 total
» units
| Wisp | 24 | |
| Archer | 14 | |
| Hippogryph | 3 | |
41 total
» upgrades
| Improved Bows | 1 | |
| Ultravision | 1 | |
| Strength of the Moon | 2 | |
| Moon Armor | 2 | |
| Hippogryph Taming | 1 | |
| Strength of the Wild | 1 | |
| Reinforced Hides | 1 | |
9 total
» buildings
| Moon Well | 4 | |
| Altar of Elders | 1 | |
| Ancient of War | 2 | |
| Ancient of Wonders | 1 | |
| Tree of Ages | 2 | |
| Hunter's Hall | 1 | |
| Ancient of Wind | 2 | |
| Tree of Eternity | 1 | |
| Tree of Life | 3 | |
17 total
» build order
00:23 Moon Well
00:38 Altar of Elders
01:20 Ancient of War
01:51 Moon Well
02:44 Ancient of War
03:01 Ancient of Wonders
03:20 Tree of Ages
04:43 Hunter's Hall
04:48 Moon Well
05:43 Moon Well
06:05 Ancient of Wind
08:36 Tree of Eternity
12:18 Tree of Life
15:00 Tree of Ages
18:07 Tree of Ages
20:59 Tree of Eternity
24:45 Ancient of Wind
26:35 Tree of Life
26:40 Tree of Life

»
Mina_TheOne (
teal | 44 APM | 1303 actions | 29:55)
4 Far Seer
2 Feral Spirit
2 Chain Lighting
3 Shadow Hunter
1 Healing Wave
2 Hex
» actions
| Assign group hotkey | 8 | |
| Basic commands | 124 | |
| Build / train | 86 | |
| Enter build submenu | 26 | |
| Enter hero's abilities submenu | 7 | |
| Give item / drop item | 2 | |
| Remove unit from queue | 4 | |
| Right click | 392 | |
| Select / deselect | 557 | |
| Select group hotkey | 3 | |
| Use ability | 94 | |
1303 total
» units
| Peon | 9 | |
| Grunt | 16 | |
| Goblin Zeppelin | 3 | |
| Demolisher | 1 | |
| Shaman | 2 | |
| Raider | 1 | |
| Troll Batrider | 2 | |
| Troll Headhunter/Berserker | 3 | |
37 total
» upgrades
| Pillage | 1 | |
| Melee Weapons | 3 | |
| Armor | 1 | |
| Spiked Barricades | 2 | |
| Berserker Strength | 1 | |
| Shaman Training | 2 | |
| Ranged Weapons | 1 | |
| Ensnare | 1 | |
| Witch Doctor Training | 1 | |
| Reinforced Defenses | 1 | |
| Liquid Fire | 1 | |
15 total
» buildings
| Barracks | 2 | |
| Altar of Storms | 3 | |
| Orc Burrow | 7 | |
| War Mill | 1 | |
| Stronghold | 1 | |
| Watch Tower | 2 | |
| Voodoo Lounge | 1 | |
| Fortress | 1 | |
| Spirit Lodge | 1 | |
| Great Hall | 1 | |
| Beastiary | 1 | |
21 total
» build order
00:12 Barracks
00:46 Altar of Storms
00:52 Orc Burrow
01:44 Barracks
02:09 Orc Burrow
03:37 War Mill
04:46 Stronghold
04:58 Watch Tower
05:10 Orc Burrow
06:30 Orc Burrow
08:33 Voodoo Lounge
08:44 Fortress
10:57 Spirit Lodge
11:50 Orc Burrow
15:06 Great Hall
16:11 Beastiary
22:41 Watch Tower
24:15 Orc Burrow
24:54 Altar of Storms
25:09 Altar of Storms
25:21 Orc Burrow
» items
| Scroll of Town Portal | 2 | |
| Tiny Great Hall | 1 | |
| Lesser Clarity Potion | 5 | |
| Healing Salve | 1 | |
| Scroll of Speed | 1 | |
| Potion of Mana | 2 | |
| Potion of Healing | 3 | |
15 total
Chat log
(00:18 / All) FrankHorrigan: Mina, do you remember that game on Market Square?
(00:21 / All) FrankHorrigan: So many moons ago
(00:24 / All) theduke: hell yea
(00:28 / All) FrankHorrigan: The one with 3 backstabbers
(00:29 / All) theduke: ...
(00:34 / All) Mina_TheOne: ive played that map like 1000x so not atm no
(00:48 / All) JustDance: favorite fall out boy songs yo?
(00:52 / All) FrankHorrigan: Go to http://highper.ch and Ctrl + F "epic market square"
(01:04 / All) FrankHorrigan: Best game my friends and I have ever played
(01:22 / All) Mina_TheOne: nah im good thx tho
(01:27 / All) JustDance: that game overrated yo
(01:29 / Allies) theduke: teal lets combine our bases
(01:37 / Allies) Mina_TheOne: wit what...
(01:37 / Allies) Mina_TheOne: lol
(01:40 / All) JustDance: THE BEST OF US CAN FIND HAPPINESS IN MISERY
(01:46 / All) FrankHorrigan: Åsgärde e på ferde!
(01:47 / Allies) theduke: with our buildings
(01:59 / Allies) aloeri: mina im ne what unit do you want?
(01:59 / Allies) Mina_TheOne: well uh
(02:08 / Allies) theduke: 2 late
(02:15 / Allies) theduke: u got your shit all in one place
(02:24 / All) JustDance: I DON'T WHAT YOU THINK AS LONG AS IT'S ABOUT ME
(02:28 / Allies) Mina_TheOne: ya protect my hall :D
(02:32 / All) JustDance: fuck off poopy
(02:39 / All) flinger_o_poopy: damn
(02:42 / All) FrankHorrigan: eit følge
(02:43 / All) flinger_o_poopy: i'm going i'm going
(02:47 / Allies) theduke: hell ye
(02:49 / All) FrankHorrigan: du høyre
(02:51 / All) flinger_o_poopy: no need to get nasty
(03:01 / Allies) theduke: i mihgt lagg out this game
(03:09 / Allies) theduke: if i do im goin to black ops
(03:11 / All) FrankHorrigan: før du ser
(03:19 / All) flinger_o_poopy: du hust
(03:34 / Allies) JustDance: gold
(03:54 / Allies) JustDance: thanks brother much appreciated
(04:26 / All) FrankHorrigan: dei ri på störa
(04:31 / All) FrankHorrigan: svarte hesta!
(04:36 / All) flinger_o_poopy: DU HUST
(07:22 / Allies) theduke: teal
(07:27 / Allies) Mina_TheOne: k
(07:53 / Allies) Mina_TheOne: u getn taurne purp?
(07:58 / Allies) theduke: nah
(08:01 / Allies) theduke: u
(08:05 / Allies) Mina_TheOne: i can
(08:08 / Allies) theduke: kk
(08:43 / Allies) theduke: i need wood plz
(08:53 / Allies) Mina_TheOne: i dopnt really have alot
(09:02 / Allies) Mina_TheOne: ask green
(09:14 / Allies) Mina_TheOne: or red HOLY fuk share the weatlh nigs
(09:32 / Allies) theduke: i neeed plz
(09:45 / Allies) theduke: wood
(09:53 / Allies) Mina_TheOne: GREEN GIVE PURP WOOD PLZ
(10:59 / Allies) theduke: good shot
(11:35 / All) JustDance: bs
(11:53 / All) JustDance: lucky motherfucker I tped like 1 full second before I died
(13:30 / All) JustDance: god look at all that fine exp I'm missing out on
(15:49 / Allies) Mina_TheOne: gay take oj out what a homo
(17:40 / Allies) Mina_TheOne: purple
(18:42 / Allies) aloeri: lol red
(21:12 / All) JustDance: Here comes the cavalry, and many paens were sang that day for the great and glorious Lord Farsanky
(21:57 / Allies) aloeri: hum?
(22:15 / All) theduke: lol red
(22:19 / All) theduke: u bored?
(22:21 / All) Mina_TheOne: omg just stop
(22:45 / All) FrankHorrigan: This is why it would have been helpful if you remembered the market square game
(22:47 / All) FrankHorrigan: It's us again!
(22:58 / All) Mina_TheOne: whos us ?
(23:01 / All) theduke: lol
(23:09 / All) aloeri: rofl
(23:13 / All) theduke: lmfaoo
(23:15 / Allies) aloeri: he tk at the end
(23:30 / Allies) Mina_TheOne: red just fuk off
(23:39 / All) theduke: red u like boys?
(23:45 / All) JustDance: Blessed is he, Lord Farsanky, so blessed he speaks of himself in the third person
(23:58 / Allies) Mina_TheOne: plz ge oj
(24:10 / All) theduke: blood lusted peons lol
(24:15 / Allies) theduke: look
(24:47 / All) theduke: wtf red
(24:59 / All) JustDance: tell it to your mama and talk to the hand yo
(25:48 / Allies) aloeri: rofl
(28:12 / Allies) Mina_TheOne: red why
(28:18 / Allies) Mina_TheOne: i dont even get it ..
(28:23 / Allies) JustDance: Nothing personal, just business
(28:28 / Allies) aloeri: he it is liek tk
(28:30 / Allies) Mina_TheOne: how..
(28:31 / Allies) aloeri: but at the end
(28:40 / Allies) aloeri: business?
(28:52 / Allies) JustDance: yeah I get royalties off all TKs
(28:56 / Allies) Mina_TheOne: he knows it too
(28:59 / Allies) JustDance: As the King of the Stabbers
(29:09 / Allies) aloeri: well you could have stab
(29:12 / Allies) aloeri: since begining
(29:16 / Allies) aloeri: would have been faster
(29:16 / Allies) JustDance: Where's the fun in that?
(29:16 / Allies) Mina_TheOne: so ur not killin oj..
(29:21 / Allies) aloeri: o_O
(29:28 / Allies) JustDance: Nay sir
(29:33 / Allies) JustDance: Orange is to win the game
(29:36 / Allies) Mina_TheOne: not lik eu can allied victory
(29:40 / All) FrankHorrigan: Red is on our team
(29:42 / All) FrankHorrigan: Do not kill him, pleb
(29:55 / All) aloeri: what is sd
(29:58 / All) aloeri: what is sad
(30:07 / All) aloeri: is that you noob in end
(30:14 / All) aloeri: u need tk to win oO
(30:31 / All) FrankHorrigan: You attacked him
(30:34 / All) FrankHorrigan: You disobeyed orders
(30:36 / All) JustDance: Blue shall lose
(30:39 / All) Yag(0): lool
(30:46 / All) Yag(0): i dont know man
(30:47 / All) FrankHorrigan: Look at what you've done, blue
(30:47 / All) Yag(0): sorry
(30:50 / All) FrankHorrigan: Leave faggot
(30:53 / All) FrankHorrigan: before I unsummonc
(31:10 / All) FrankHorrigan: You are going to get the loss
(31:14 / All) FrankHorrigan: The game was rigged from the start by red and I
(31:17 / All) FrankHorrigan: Are you ready to lose?
(31:29 / All) FrankHorrigan: You and your mutie bastard friends are going to go up in a big ol mushroom cloud sendoff
(31:31 / All) FrankHorrigan: Semper fi!
(31:45 / All) FrankHorrigan: Leave
(31:49 / All) FrankHorrigan: Or do you want this to be done the hard way?
(31:56 / All) Yag(0): lool
(32:51 / All) FrankHorrigan: Goodbye, blue
(32:52 / All) JustDance: Farewell
(32:57 / All) FrankHorrigan: Vale!
(33:00 / All) JustDance: You have lost most deservedly
(33:02 / All) Yag(0): k
(33:08 / All) FrankHorrigan: Only 1 ziggurat left
(33:23 / All) FrankHorrigan: Which team gets the loss?
(33:25 / All) FrankHorrigan: i say Mina
(33:39 / All) JustDance: Aye needs a loss methinks